 Dungeon Crawl Stone Soup version 0.20.1-1-g8b1a95d (webtiles) character file.

445 equalderp2856 the Cutter (level 6, 0/30 HPs)
             Began as a Spriggan Wizard on July 22, 2017.
             Slain by an orc priest
             ... wielding a +0 war axe
              (5 damage)
             ... on level 5 of the Dungeon.
             The game lasted 00:24:53 (9059 turns).

equalderp2856 the Cutter (Spriggan Wizard)          Turns: 9059, Time: 00:24:54

Health: 0/30       AC:  3    Str:  8    XL:     6   Next: 72%
Magic:  13/13      EV: 25    Int: 25    God:
Gold:   187        SH:  0    Dex: 21    Spells: 12/13 levels left

rFire    . . .     SeeInvis +   G - +0 falchion
rCold    . . .     Gourm    .   (shield restricted)
rNeg     . . .     Faith    .   m - +0 robe
rPois    .         Spirit   .   b - +1 hat
rElec    .         Reflect  .   (no cloak)
rCorr    .         Harm     .   (gloves unavailable)
MR       +....                  (boots unavailable)
Stlth    +++.......             p - amulet of regeneration
Regen    0.5/turn               t - ring of loudness (curse)
MPRegen  0.2/turn               (no ring)

@: mighty, brilliant, agile, lethally poisoned (0 -> -1), hasted, very quick
A: unfitting armour, see invisible, herbivore 3, speed 3, slow metabolism 2
a: no special abilities


You were on level 5 of the Dungeon.
You were not hungry.

You visited 1 branch of the dungeon, and saw 5 of its levels.

You collected 187 gold pieces.

Inventory:

Hand Weapons
 i - a +0 dagger
 n - a +0 short sword
 q - a +0 hunting sling
 w - a +0 dagger
 y - a +2 dagger of protection
 G - a +0 falchion (weapon)
Missiles
 e - 17 stones (quivered)
 h - 11 poisoned needles
 j - 74 arrows
 r - 34 sling bullets
Armour
 a - a +0 robe
 b - a +1 hat (worn)
 m - a +0 robe (worn)
Jewellery
 p - an amulet of regeneration (around neck)
 t - a cursed ring of loudness (left hand)
Wands
 F - a wand of random effects (25/48)
Scrolls
 g - 4 scrolls of remove curse
 o - 4 scrolls of identify
 x - 2 scrolls of magic mapping {unknown}
 A - a scroll of immolation {unknown}
 E - a scroll of enchant armour
Potions
 f - a potion of might
 k - a potion of haste
 u - a potion of degeneration {unknown}
 v - a potion of mutation {unknown}
 z - a potion of flight
Books
 c - a book of Minor Magic

   Spells                             Type                      Level
   a - Magic Dart                     Conjuration                  1
   b - Blink                          Translocation                2
   c - Call Imp                       Summoning                    2
   d - Slow                           Hexes                        2
   e - Conjure Flame                  Conjuration/Fire             3
   f - Mephitic Cloud                 Conjuration/Poison/Air       3
 B - a book of Cantrips

   Spells                             Type                      Level
   a - Confusing Touch                Hexes                        1
   b - Animate Skeleton               Necromancy                   1
   c - Summon Small Mammal            Summoning                    1
   d - Apportation                    Translocation                1
Comestibles
 d - 5 bread rations


   Skills:
 + Level 2.1 Fighting
 + Level 5.0(5.2) Short Blades
 * Level 1.3(2.7) Long Blades
 + Level 3.2 Slings
 - Level 3.7 Dodging
 + Level 3.3 Stealth
 + Level 0.4 Unarmed Combat
 - Level 4.0 Spellcasting
 - Level 0.6 Conjurations
   Level 0.7 Summonings
   Level 1.5 Translocations


You had 12 spell levels left.
You knew the following spells:

 Your Spells              Type           Power        Failure   Level  Hunger
a - Magic Dart            Conj           ###.         1%          1    None


Dungeon Overview and Level Annotations

Branches:
Dungeon (5/15)
 Temple: D:4-7

Altars:
Dithmenos
Okawaru
Sif Muna

Shops:
D:4 *

Annotations:
D:3 Sigmund
D:5 Blork the orc


Innate Abilities, Weirdness & Mutations

You are very small and have problems with some larger weapons.
You are too small for most types of armour.
You have supernaturally acute eyesight. (SInv)
You are a herbivore.
You cover ground extremely quickly.
You need consume almost no food.


Message History

* * * LOW HITPOINT WARNING * * *
You hit the orc wizard.
The orc wizard is heavily wounded.
You feel sick.
The orc wizard gestures wildly while chanting.
The orc wizard blinks!
You feel sick.
The orc throws a stone.
The stone completely misses you.
You see here a stone.
You feel sick.
Items here: )) [[ † a club; a ring mail; a dagger; a robe; an orc corpse You feel sick.
The orc throws a stone.
The stone hits you but does no damage.
Items here: ( )) [ †† An orc priest comes into view.
It is wielding a war axe.
You feel sick.
The orc priest moves out of view.
You feel sick.
The orc priest shouts!
The orc priest hits you with a war axe.
You die...

#. #.. #.. #.. ####
#%.#### #.. ####.....#
# #.# .=....o..#
#.###.#######
..o......#
#.o@.........
#####.#o########.######
# #.(o.).(...#
############


You could see an orc priest.

Vanquished Creatures
  A scorpion (D:4)
  2 bullfrog skeletons (D:4)
  A hound (D:4)
  An orc priest (D:5)
  An orc wizard (D:5)
  A worker ant (D:4)
  9 adders
  A howler monkey skeleton (D:4)
  An ooze (D:3)
  5 worms
  3 dart slugs
  8 leopard geckos
  13 orcs
  2 ball pythons (D:1)
  4 giant cockroaches
  13 goblins
  3 hobgoblins
  6 jackals
  5 kobolds
  2 quokkas
  5 bats
  8 frilled lizards
  A quokka skeleton (D:4)
  8 rats
104 creatures vanquished.

Vanquished Creatures (others)
  2 adders (D:2)
2 creatures vanquished.

Grand Total: 106 creatures vanquished

Notes
Turn   | Place    | Note
-------+----------+-------------------------------------------
     0 | D:1      | equalderp2856 the Spriggan Wizard began the quest for the Orb.
     0 | D:1      | Reached XP level 1. HP: 9/9 MP: 6/6
   423 | D:1      | Reached XP level 2. HP: 13/13 MP: 8/8
   908 | D:1      | Reached skill level 1 in Short Blades
  1667 | D:1      | Reached skill level 2 in Short Blades
  1667 | D:1      | Reached XP level 3. HP: 12/16 MP: 9/9
  3593 | D:2      | Reached skill level 1 in Slings
  3945 | D:2      | Reached XP level 4. HP: 17/21 MP: 11/11
  4837 | D:3      | Reached skill level 1 in Fighting
  4932 | D:3      | Reached skill level 3 in Short Blades
  5268 | D:3      | Noticed Sigmund
  5672 | D:3      | Found a deep blue altar of Sif Muna.
  5709 | D:3      | Reached XP level 5. HP: 23/25 MP: 12/12
  5752 | D:3      | Found an iron altar of Okawaru.
  5752 | D:3      | Found a shadowy altar of Dithmenos.
  5965 | D:4      | Found Dimupob's Elemental Accessories.
  6086 | D:4      | Reached skill level 4 in Short Blades
  6431 | D:4      | Reached XP level 6. HP: 26/30 MP: 13/13
  6666 | D:4      | Reached skill level 5 in Short Blades
  6975 | D:5      | Entered Level 5 of the Dungeon
  6994 | D:5      | Noticed a two-headed ogre
  7441 | D:4      | Reached skill level 1 in Long Blades
  8853 | D:4      | HP: 1/30 [poisoned by a worker ant]
  8913 | D:4      | HP: 1/30 [phantom (8)]
  8998 | D:5      | Noticed Blork the orc
  9059 | D:5      | Slain by an orc priest

Skill      XL: |  1  2  3  4  5  6 |
---------------+-------------------+-----
Short Blades   | 2 3 4 5 |  5.0
Slings         | 1 2 3 |  3.2
Fighting       | 1 2 |  2.1
Long Blades    | 1 |  1.3
Dodging        | |  3.7
Stealth        | |  3.3
Unarmed Combat | |  0.4
Spellcasting   | |  4.0
Conjurations   | |  0.6
Summonings     | |  0.7
Translocations | |  1.5

Action                   |  1- 3 |  4- 6 || total
-------------------------+-------+-------++-------
Melee: Unarmed           |    46 |       ||    46
       Dagger            |    66 |   207 ||   273
       Short sword       |   191 |   133 ||   324
       Falchion          |       |   175 ||   175
 Fire: Hunting sling     |    90 |   213 ||   303
Throw: Stone             |    12 |       ||    12
 Cast: Magic Dart        |    26 |       ||    26
  Use: Scroll            |     4 |     1 ||     5
       Potion            |       |     7 ||     7
 Stab: Sleeping          |     1 |       ||     1
  Eat: Bread ration      |       |     1 ||     1
       Royal jelly       |       |     1 ||     1
       Fruit             |       |     1 ||     1
Armor: Robe              |    36 |    66 ||   102
Dodge: Dodged            |   288 |   435 ||   723
       Rpst.: Falchion   |       |    72 ||    72
